 Dungeon Crawl Stone Soup version 0.30-a0-1112-gfb780f5df6 (webtiles) character file.

Game seed: 8839404418147615978

442381 Newt the Shatterer (level 22, -6/189 HPs)
             Began as a Demonspawn Gladiator on Apr 19, 2023.
             Was a High Priest of Makhleb.
             Blown up by an eye of devastation (30 damage)
             ... with a bolt of energy
             ... on level 5 of the Pits of Slime.
             The game lasted 01:41:45 (55110 turns).

Newt the Shatterer (Demonspawn Gladiator)          Turns: 55110, Time: 01:41:46

Health: -6/189     AC: 29    Str: 22 (23) XL:     22   Next: 73%
Magic:  0/32       EV:  6    Int:  8 (9)  God:    Makhleb [*****.]
Gold:   4914       SH: 21    Dex: 15 (16) Spells: 36/38 levels left

rFire   + . .      SeeInvis .    T - +7 demon whip (elec)
rCold   + . .      Faith    .    j - +4 tower shield {reflect}
rNeg    + . .      Spirit   +    e - +0 gold dragon scales
rPois   +          Reflect  +    w - +2 hat
rElec   .          Rampage  .    (cloak unavailable)
rCorr   .          Clarity  +    b - +3 pair of gauntlets of War {Slay+5}
Will    ++++.                    p - +0 pair of boots Stlth
                                 O - amulet of the Four Winds {rN+ Will+++ Clar}
HPRegen 0.51/turn                o - +4 ring of slaying
MPRegen 0.46/turn                g - +4 ring of slaying

@: corroded, sanguine armoured
A: spiny 3, magic shield, magic regeneration, sanguine armour 3, bedeviling,
weakness stinger 3, hooves 1, deterioration 1, low MP 1, robust 1, weak 1
}: 3/15 runes: serpentine, barnacled, silver
a: Renounce Religion, Minor Destruction, Lesser Servant of Makhleb, Major
Destruction, Greater Servant of Makhleb


You were on level 5 of the Pits of Slime.
You worshipped Makhleb.
Makhleb was extremely pleased with you.
You visited 8 branches of the dungeon, and saw 42 of its levels.
You also visited: Trove and Gauntlet.

You collected 6093 gold pieces.
You spent 1179 gold pieces at shops.

Inventory:

Hand Weapons
 l - the +10 great mace of the Hurling Pariah {protect, Will+ rCorr Int+4}
   (You found it on level 2 of the Elven Halls)

   Int:       It affects your intelligence (+4).
   rCorr:     It protects you from acid and corrosion.
   Will:      It increases your willpower.
 T - a +7 demon whip of electrocution (weapon)
Missiles
 c - 13 silver javelins (quivered)
 f - 9 throwing nets
 C - 55 poisoned darts
Armour
 b - the +3 pair of gauntlets of War (worn) {Slay+5}
   (You found it on level 3 of the Elven Halls)

   Slay:      It affects your accuracy & damage with ranged weapons and melee
   (+5).
 e - +0 gold dragon scales (worn)
 j - a +4 tower shield of reflection (worn)
 p - a +0 pair of boots (worn)
 w - a +2 hat (worn)
 y - the +12 plate armour of Hangman {Harm rElec Slay-4 SInv}
   (You found it on level 5 of the Vaults)

   Slay:      It affects your accuracy & damage with ranged weapons and melee
   (-4).
   rElec:     It insulates you from electricity.
   SInv:      It lets you see invisible.
   Harm:      It increases damage dealt and taken.
 F - the +4 storm dragon scales of Hiuziapt {rElec rF+ SInv}
   (You found it on level 5 of the Vaults)

   rF:        It protects you from fire.
   rElec:     It insulates you from electricity.
   SInv:      It lets you see invisible.
Jewellery
 d - a ring of positive energy
 g - a +4 ring of slaying (right hand)
 m - the ring of the Hero {rF++ rC- Dex+2 SInv}
   (You found it in a treasure trove)

   [ring of see invisible]

   Dex:       It affects your dexterity (+2).
   rF:        It greatly protects you from fire.
   rC:        It makes you vulnerable to cold.
   SInv:      It lets you see invisible.
 o - a +4 ring of slaying (left hand)
 r - a ring of protection from cold
 N - a ring of protection from cold
 O - the amulet of the Four Winds (around neck) {rN+ Will+++ Clar}
   (You found it in a treasure trove)

   [amulet of nothing]

   rN:        It protects you from negative energy.
   Clar:      It protects you against confusion.
   Will:      It greatly increases your willpower.
 S - a ring of positive energy
 U - a +6 ring of strength
Wands
 t - a wand of digging (3)
 x - a wand of iceblast (36)
 D - a wand of flame (57)
 E - a wand of charming (6)
 H - a wand of polymorph (5)
 J - a wand of quicksilver (35)
 W - a wand of mindburst (1)
Scrolls
 h - 10 scrolls of fear
 s - a scroll of blinking
 K - 2 scrolls of brand weapon
 L - 8 scrolls of magic mapping
 P - 18 scrolls of teleportation
 R - 7 scrolls of identify
 Y - 3 scrolls of summoning
Potions
 i - 9 potions of flight
 k - 4 potions of cancellation
 q - a potion of invisibility
 u - 5 potions of haste
 v - 4 potions of heal wounds
 z - 4 potions of berserk rage
 A - 15 potions of curing
 G - 7 potions of lignification
 M - 3 potions of ambrosia
 V - 2 potions of might
 X - 2 potions of resistance
Miscellaneous
 a - a box of beasts (inert)
 n - a condenser vane
 B - a phantom mirror (inert)
 Q - a phial of floods
 Z - a lightning rod (4/4)


   Skills:
 - Level 14.0 Fighting
 - Level 2.6 Short Blades
 - Level 22.0 Maces & Flails
 - Level 4.0 Polearms
 - Level 1.7 Throwing
 + Level 16.8 Armour
 - Level 10.0 Dodging
 - Level 12.0 Shields
 - Level 8.8 Spellcasting
 - Level 3.3 Transmutations
 - Level 20.0 Invocations
 - Level 15.0 Evocations


You had 36 spell levels left.
You knew the following spells:

 Your Spells              Type           Power      Damage    Failure   Level
a - Wereblood             Tmut           8%         N/A       100%        2

Your spell library contained the following spells:

 Spells                   Type           Power      Damage    Failure   Level
 Beastly Appendage        Tmut           16%        N/A       100%        1
 Kiss of Death            Conj/Necr      12%        2d6       100%        1
 Sandblast                Erth           6%         2d5       100%        1
 Shock                    Conj/Air       12%        1d3       100%        1
 Slow                     Hex            20%        N/A       100%        1
 Summon Small Mammal      Summ           12%        N/A       100%        1
 Cigotuvi's Dreadful Rot  Necr/Pois/Air  6%         N/A       100%        2
 Ensorcelled Hibernation  Hex/Ice        10%        N/A       100%        2
 Passwall                 Tmut/Erth      5%         N/A       100%        2
 Poisonous Vapours        Pois/Air       6%         N/A       100%        2
 Sublimation of Blood     Necr           3%         N/A       100%        2
 Call Canine Familiar     Summ           3%         N/A       100%        3
 Confusing Touch          Hex            5%         N/A       100%        3
 Ignite Poison            Fire/Tmut/Pois 5%         N/A       100%        3
 Inner Flame              Hex/Fire       5%         N/A       100%        3
 Mephitic Cloud           Conj/Pois/Air  3%         N/A       100%        3
 Ozocubu's Armour         Ice            3%         N/A       100%        3
 Summon Guardian Golem    Hex/Summ       5%         N/A       100%        3
 Swiftness                Air            3%         N/A       100%        3
 Tukima's Dance           Hex            5%         N/A       100%        3
 Volatile Blastmotes      Fire/Tloc      6%         2d10      100%        3
 Airstrike                Air            1%         2d(1-17)  100%        4
 Animate Armour           Summ/Erth      6%         N/A       100%        4
 Dispel Undead            Necr           3%         3d7       100%        4
 Fulminant Prism          Conj/Hex       2%         3d5       100%        4
 Iskenderun's Mystic Bla  Conj/Tloc      3%         2d3       100%        4
 Leda's Liquefaction      Hex/Erth       2%         N/A       100%        4
 Manifold Assault         Tloc           3%         N/A       100%        4
 Sticky Flame             Conj/Fire      3%         2d3       100%        4
 Blade Hands              Tmut           4%         N/A       100%        5
 Borgnjor's Vile Clutch   Necr/Erth      1%         N/A       100%        5
 Freezing Cloud           Conj/Ice/Air   1%         6-21      100%        5
 Lee's Rapid Deconstruct  Erth           1%         3d4*      100%        5
 Metabolic Englaciation   Hex/Ice        2%         N/A       100%        5
 Yara's Violent Unravell  Hex/Tmut       4%         3d4       100%        5
 Iron Shot                Conj/Erth      1%         9d1       100%        6
 Simulacrum               Ice/Necr       1%         N/A       100%        6
 Statue Form              Tmut/Erth      4%         N/A       100%        6
 Dragon Form              Tmut           4%         N/A       100%        7
 Enfeeble                 Hex            2%         N/A       100%        7
 Malign Gateway           Summ/Tloc      1%         N/A       100%        7
 Summon Hydra             Summ           1%         N/A       100%        7
 Discord                  Hex            2%         N/A       100%        8
 Summon Horrible Things   Summ           1%         N/A       100%        8
 Chain Lightning          Conj/Air       1%         3d2       100%        9
 Death's Door             Necr           1%         N/A       100%        9
 Fire Storm               Conj/Fire      1%         8d1       100%        9
 Shatter                  Erth           1%         3d6*      100%        9


Dungeon Overview and Level Annotations

Branches:
Dungeon (14/15)            Temple (0/1) D:6            Lair (5/5) D:8
 Shoals (4/4) Lair:2        Snake (4/4) Lair:2        Slime (5/5) Lair:4
    Orc (2/2) D:9             Elf (3/3) Orc:2        Vaults (5/5) D:13
  Crypt (0/3) Vaults:2    Gauntlet (visited)

Altars:
Ashenzari
Kikubaaqudgha
Makhleb
Qazlal
Uskayaw
Vehumet
Wu Jian
Yredelemnul
Jiyva

Shops:
D:9 (   Orc:2 !:[(   Elf:2 *   Elf:3 =   Snake:1 =:=   Snake:3 (   Vaults:2 (

Annotations:
D:9 exclusion: statue
D:12 3 runed translucent doors, Sifi's ghost, journeyman AtFi
Snake:1 6 transporters
Slime:5 Royal Jelly


Innate Abilities, Weirdness & Mutations

You are completely covered in sharp spines.
When hurt, damage is shared between your health and your magic reserves.
You regenerate magic rapidly.
When seriously injured, your blood forms very thick armour. (AC +12)
Your hexes are more powerful.
You have a sharp stinger which inflicts weakening toxins.
You have large cloven feet.
Your body sometimes deteriorates upon taking damage.
Your magical capacity is low. (-10% MP)
You are robust. (+10% HP)
You are weak. (Str -2)


Message History

Your blizzard demon hits the floating eye!
The floating eye dies!
Makhleb accepts your kill.
The slime creature is struck by your spines.
The slime creature hits you but does no damage.
Two slime creatures merge to form a very large slime creature.
The eye of devastation gazes at you. The bolt of energy hits you!!
* * * LOW HITPOINT WARNING * * *
Your body deteriorates!
You feel dopey. The acid blob is struck by your spines.
The acid blob hits you but does no damage.
The slime creature is struck by your spines.
The slime creature hits you but does no damage.
The very large slime creature hits you but does no damage.
The acid blob spits acid at you.
The splash of acid hits you but does no damage.
The acid corrodes you!
You can move again.
Unknown command.
Unknown command.
Unknown command.
Blink to where?
Press: ? - help, Dir - move target
As you read the scroll of blinking, it crumbles to dust.
The eye of devastation gazes at you. The bolt of energy hits you!
* * * LOW HITPOINT WARNING * * *
The acid blob hits your blizzard demon!!
Your blizzard demon is splashed with acid.
Unknown command.
Your blizzard demon hits the acid blob!
Your blizzard demon is burned by acid!
Your blizzard demon hits the acid blob!
Your blizzard demon is burned by acid!
The acid blob spits acid at your blizzard demon.
The splash of acid hits your blizzard demon!
The eye of devastation gazes at you. The bolt of energy hits you!!
You die...

#..............
................
.................
..................
...................
....................
.................#
...J....J...@...#
^..............##
.....J...J.....#
.........G....##
.........J...##
........2...##
........J..##
...###..##.# ##
##.####


You could see an acid blob (distracted, ally target), a very large slime
creature, 3 slime creatures, an eye of devastation and a friendly blizzard demon
(summoned, corroded).

Vanquished Creatures
  Mara (Snake:2)
  Sojobo (Vaults:3)
  Bai Suzhen (Vaults:3)
  Vashnia (Snake:2)
  Saint Roka (Orc:2)
  A golden dragon (Vaults:5)
  Nikola (Snake:3)
  Jorgrun (Shoals:2)
  2 tentacled monstrosities
  A lich (Vaults:5)
  Asterion (Snake:4)
  2 deep elf blademasters
  2 quicksilver dragons (Snake:4)
  2 deep elf master archers (Elf:3)
  10 titans (Vaults:5)
  Gastronok (D:9)
  A kraken (Shoals:2)
  Frances (Shoals:2)
  11 acid blobs
  2 sphinxes
  A storm dragon (Vaults:5)
  A shadow dragon (Vaults:5)
  Kirke (Snake:2)
  8 nagarajas
  Donald (Vaults:1)
  6 tengu reavers
  6 rockslimes
  17 vault wardens
  4 azure jellies
  3 frost giants (Vaults:5)
  2 fire giants
  Aizul (Snake:3)
  4 deep elf sorcerers
  3 deep elf elementalists (Elf:3)
  18 ironbound preservers
  A reaper (Gauntlet)
  3 orc warlords
  4 war gargoyles
  4 stone giants
  The ghost of Ricoe the Cleaver, a journeyman FoFi of Okawaru (D:14)
  6 quicksilver oozes
  9 very ugly things
  5 deep elf demonologists
  5 deep elf annihilators
  3 ironbound thunderhulks
  8 dire elephants
  2 minotaurs
  3 deep elf death magi
  3 ettins
  An ettin (shapeshifter) (Vaults:4)
  A fire dragon (shapeshifter) (Vaults:5)
  15 yaktaur captains
  3 deep elf high priests
  5 merfolk impalers
  The ghost of retardedninja the Cleaver, a journeyman NaFi of Gozag (D:10)
  An entropy weaver (Vaults:1)
  3 great orbs of eyes
  3 hydras
  4 salamander tyrants
  A peacekeeper (Vaults:4)
  9 anacondas
  29 vault guards
  5 ogre magi
  A catoblepas (D:14)
  2 merfolk avatars
  11 centaur warriors
  An anaconda (shapeshifter) (Vaults:5)
  8 death yaks
  6 ironbound frosthearts
  11 satyrs
  13 two-headed ogres
  22 dancing weapons
  5 boulder beetles
  A death scarab (Gauntlet)
  11 naga warriors
  A tengu warrior (D:10)
  2 deep troll earth magi
  2 orc high priests
  A spectral dire elephant (Lair:5)
  15 naga sharpshooters
  Sonja (D:10)
  7 shock serpents
  19 deep elf knights
  Nergalle (Lair:2)
  A sea snake (shapeshifter) (Vaults:5)
  6 skeletal warriors
  A spectral death yak (Gauntlet)
  2 skysharks
  Lodul (D:13)
  An iron troll (D:13)
  A spectral anaconda (Lair:5)
  A salamander mystic (Snake:2)
  48 deep trolls
  8 sea snakes
  2 glowing orange brains
  A shadow wraith (D:13)
  8 wizards
  7 lindwurms
  A naga ritualist (Snake:1)
  13 ironbound convokers
  11 deep elf archers
  A harpy (shapeshifter) (D:13)
  A swamp dragon (shapeshifter) (Orc:2)
  29 deep elf pyromancers
  7 orc knights
  A phantasmal warrior (Vaults:5)
  An obsidian statue (Lair:5)
  A lindwurm (shapeshifter) (Vaults:5)
  11 harpies
  24 deep elf zephyrmancers
  An oklob plant (Lair:4)
  Pikel (D:4)
  9 mana vipers
  A wolf spider (D:13)
  3 necromancers (Lair:5)
  A cyclops (shapeshifter) (D:10)
  A manticore (shapeshifter) (Vaults:3)
  4 shining eyes
  7 cyclopes
  18 manticores
  An orc sorcerer (Orc:2)
  6 elephants
  8 salamanders
  11 fauns
  25 ugly things
  9 guardian serpents
  20 vault sentinels
  5 water nymphs
  9 merfolk sirens
  17 naga magi
  A gargoyle (D:12)
  8 cane toads
  A dire elephant skeleton (Lair:5)
  Maggie (D:9)
  2 unseen horrors
  26 black mambas
  3 freezing wraiths
  A kobold demonologist (D:10)
  2 rime drakes
  6 komodo dragons
  24 yaktaurs
  10 trolls
  A wind drake (shapeshifter) (D:13)
  A hellwing (Gauntlet)
  A hornet (D:10)
  A tarantella (shapeshifter) (Vaults:5)
  A wind drake (Shoals:4)
  3 meliai (D:13)
  A hornet (shapeshifter) (Vaults:5)
  15 merfolk
  21 blink frogs
  4 snapping turtles
  Grinder (D:3)
  A spectral black mamba (Gauntlet)
  A culicivora (Vaults:1)
  80 slime creatures
  2 vampires
  3 water elementals
  4 air elementals
  55 yaks
  A shadow (D:11)
  7 wyverns
  12 golden eyes
  A spectral komodo dragon (Gauntlet)
  A fire elemental (Elf:3)
  A hog (Snake:2)
  2 steam dragons (D:8)
  7 basilisks
  2 spectral cane toads
  12 vampire mosquitoes
  2 redbacks (Vaults:1)
  A warg (Orc:2)
  3 death yak simulacra (Lair:5)
  An acid dragon (D:13)
  31 nagas
  17 water moccasins
  24 orc warriors
  An ice beast (shapeshifter) (D:13)
  3 black bears
  3 sky beasts
  26 ogres
  2 ice beasts (D:5)
  7 centaurs
  3 wolves (Lair:2)
  A lemure (D:4)
  A phantom (D:5)
  2 kobold brigands
  5 bullfrogs
  4 gnoll sergeants
  3 scorpions (D:6)
  A cane toad simulacrum (Lair:5)
  3 earth elementals
  12 wights
  An elephant simulacrum (Lair:5)
  5 killer bees (D:11)
  5 howler monkeys
  2 lava snakes
  A hound (D:7)
  3 jellies (D:5)
  Crazy Yiuf (D:4)
  13 orc priests
  A gnoll bouda (D:6)
  3 iron imps (D:3)
  3 iguanas
  16 orc wizards
  25 gnolls
  8 adders
  A shadow imp (D:8)
  3 white imps
  3 ufetubi
  2 worms (D:3)
  3 dart slugs
  78 orcs
  5 ball pythons
  7 endoplasms
  5 giant cockroaches
  16 goblins
  17 hobgoblins
  4 quokkas
  6 bats
  4 frilled lizards
  13 kobolds
  7 rats
  A spectral weapon (Snake:4)
  A tentacle (Shoals:2)
1491 creatures vanquished.

Vanquished Creatures (collateral kills)
  An ancient lich (Vaults:5)
  A dread lich (Vaults:5)
  A deep elf blademaster (Elf:3)
  2 acid blobs
  2 sphinxes (Shoals:4)
  A shadow dragon (Vaults:5)
  2 tengu reavers (Vaults:5)
  An ironbound preserver (Vaults:2)
  3 dire elephants (Vaults:2)
  A merfolk impaler (Shoals:4)
  2 deep elf death magi (Elf:3)
  A yaktaur captain (Vaults:3)
  A deep elf high priest (Vaults:5)
  2 great orbs of eyes
  A peacekeeper (Vaults:2)
  2 vault guards (Vaults:4)
  3 ogre magi (Orc:2)
  An anaconda (Snake:1)
  A dancing weapon (Elf:2)
  A satyr (Shoals:4)
  6 two-headed ogres (Orc:2)
  A death scarab (Gauntlet)
  A satyr (shapeshifter) (Vaults:5)
  A naga warrior (Snake:4)
  A skyshark (Shoals:2)
  A deep elf knight (Elf:1)
  A deep troll (Vaults:2)
  6 ironbound convokers
  A lindwurm (Vaults:2)
  A naga ritualist (Snake:4)
  An orc knight (Vaults:2)
  A harpy (Shoals:4)
  3 deep elf archers (Elf:1)
  A phantasmal warrior (Vaults:4)
  2 deep elf pyromancers (Elf:1)
  2 ugly things
  3 fauns
  A black mamba (Snake:4)
  A manticore (Shoals:4)
  3 merfolk sirens
  5 naga magi
  2 vault sentinels
  A yaktaur (Vaults:2)
  6 merfolk
  A slime creature (Vaults:2)
  A yak (D:9)
  2 nagas
  2 floating eyes (Slime:5)
  3 orc warriors
  10 ogres (Orc:2)
  2 orc priests
  2 orc wizards
  5 orcs
  2 tentacles (Shoals:2)
112 creatures vanquished.

Vanquished Creatures (others)
  A deep elf archer (Elf:1)
  A guardian serpent (Snake:4)
  3 humans (Snake:3)
  An orc wizard (D:3)
  15 fungi
  66 plants
  7 tentacles (Shoals:2)
  24 withered plants
118 creatures vanquished.

Grand Total: 1721 creatures vanquished

Notes
Turn   | Place    | Note
-------+----------+-------------------------------------------
     0 | D:1      | Newt the Demonspawn Gladiator began the quest for the Orb.
     0 | D:1      | Reached XP level 1. HP: 16/16 MP: 1/1
    93 | D:1      | Gained mutation: You regenerate magic rapidly. [demonic
                  | ancestry]
    93 | D:1      | Reached XP level 2. HP: 11/23 MP: 2/2
   653 | D:2      | Reached XP level 3. HP: 27/27 MP: 3/3
  1062 | D:2      | Reached skill level 1 in Spellcasting
  1415 | D:3      | Gained mutation: When seriously injured, your blood forms
                  | armour. (AC +12) [demonic ancestry]
  1415 | D:3      | Reached XP level 4. HP: 35/37 MP: 3/6
  1750 | D:3      | Found a burning altar of Makhleb.
  1769 | D:3      | Reached XP level 5. HP: 22/42 MP: 4/8
  1831 | D:3      | Reached skill level 1 in Shields
  1839 | D:3      | Became a worshipper of Makhleb the Destroyer
  2206 | D:4      | Noticed Grinder
  2223 | D:3      | Paralysed by Grinder for 5 turns
  2234 | D:3      | Paralysed by Grinder for 2 turns
  2242 | D:3      | Killed Grinder
  2243 | D:3      | Gained mutation: When hurt, damage is shared between your
                  | health and your magic reserves. [demonic ancestry]
  2243 | D:3      | Reached XP level 6. HP: 14/48 MP: 5/9
  2493 | D:4      | Reached skill level 1 in Armour
  2619 | D:4      | Reached XP level 7. HP: 52/54 MP: 10/10
  2649 | D:4      | Noticed Pikel
  2694 | D:4      | Killed Pikel
  2695 | D:4      | Reached skill level 5 in Armour
  2695 | D:4      | Reached skill level 1 in Evocations
  2695 | D:4      | Gained mutation: You have a small tail. [demonic ancestry]
  2695 | D:4      | Reached XP level 8. HP: 33/60 MP: 9/11
  2846 | D:4      | Found a runed translucent door.
  2847 | D:4      | Noticed Crazy Yiuf
  3194 | D:4      | Killed Crazy Yiuf
  3258 | D:5      | Entered Level 5 of the Dungeon
  3433 | D:5      | Reached * piety under Makhleb
  3794 | D:5      | Identified the +1 robe of Tuetir {rElec SInv}
  3999 | D:5      | Reached skill level 5 in Evocations
  4138 | D:5      | Reached ** piety under Makhleb
  4374 | D:5      | Reached skill level 5 in Fighting
  5042 | D:6      | Reached skill level 1 in Polearms
  5117 | D:6      | Gained mutation: When seriously injured, your blood forms
                  | thick armour. (AC +12) [demonic ancestry]
  5117 | D:6      | Reached XP level 9. HP: 56/69 MP: 12/12
  5267 | D:6      | Found a staircase to the Ecumenical Temple.
  5789 | D:7      | Reached skill level 1 in Invocations
  5828 | D:7      | Identified the +12 whip of Springtime {freeze, rN+}
  6346 | D:7      | Found a hide-covered altar of Uskayaw.
  6676 | D:7      | Reached skill level 5 in Invocations
  6821 | D:8      | Reached *** piety under Makhleb
  6822 | D:8      | Reached skill level 1 in Maces & Flails
  7040 | D:8      | Noticed a two-headed ogre
  7053 | D:8      | Killed a two-headed ogre
  7054 | D:8      | Reached skill level 2 in Maces & Flails
  7142 | D:8      | Noticed an elephant
  7143 | D:8      | Found a staircase to the Lair.
  7181 | D:8      | Killed an elephant
  7182 | D:8      | Reached skill level 3 in Maces & Flails
  7182 | D:8      | Gained mutation: When seriously injured, your blood forms
                  | very thick armour. (AC +12) [demonic ancestry]
  7182 | D:8      | Reached XP level 10. HP: 44/76 MP: 9/13
  7682 | D:8      | Found a stormy altar of Qazlal.
  7691 | D:8      | Found a basalt altar of Yredelemnul.
  8138 | D:9      | Reached skill level 4 in Maces & Flails
  8187 | D:9      | Reached **** piety under Makhleb
  8364 | D:9      | Found a staircase to the Orcish Mines.
  8426 | D:9      | Noticed Gastronok
  8441 | D:9      | Killed Gastronok
  8442 | D:9      | Reached skill level 5 in Maces & Flails
  8442 | D:9      | Reached skill level 10 in Evocations
  8580 | D:9      | Found Yziaruts's Weapon Boutique.
  8618 | D:9      | Reached skill level 6 in Maces & Flails
  8618 | D:9      | Reached XP level 11. HP: 81/81 MP: 12/14
  8941 | D:9      | Found a radiant altar of Vehumet.
  9118 | D:9      | Noticed Maggie
  9130 | D:9      | Killed Maggie
  9269 | D:10     | Entered Level 10 of the Dungeon
  9283 | D:10     | Reached skill level 7 in Maces & Flails
  9341 | D:10     | Noticed retardedninja's ghost (journeyman NaFi)
  9342 | D:10     | Found a transporter.
  9345 | D:10     | Noticed an eight-headed hydra
  9395 | D:10     | Found a transporter.
  9480 | D:10     | Noticed Sonja
  9576 | Lair:1   | Entered Level 1 of the Lair of Beasts
  9793 | Lair:1   | Reached skill level 8 in Maces & Flails
 10012 | Lair:1   | Reached skill level 9 in Maces & Flails
 10627 | Lair:2   | Noticed Nergalle
 10656 | Lair:2   | Killed Nergalle
 10898 | Lair:2   | Reached skill level 10 in Maces & Flails
 11053 | Lair:2   | Found an ornate altar of the Wu Jian Council.
 11053 | Lair:2   | Found a hide-covered altar of Uskayaw.
 11053 | Lair:2   | Noticed a boulder beetle
 11092 | Lair:2   | Killed a boulder beetle
 11249 | Lair:2   | Reached ***** piety under Makhleb
 11260 | Lair:2   | Reached XP level 12. HP: 46/88 MP: 9/18
 11433 | Lair:2   | Found a staircase to the Snake Pit.
 11453 | Lair:2   | Reached skill level 10 in Invocations
 11863 | Lair:2   | Found a staircase to the Shoals.
 12698 | Lair:3   | Noticed a death yak
 12727 | Lair:3   | Killed a death yak
 12728 | Lair:3   | Reached skill level 10 in Armour
 12735 | Lair:3   | Noticed a death yak
 12735 | Lair:3   | Noticed a death yak
 12735 | Lair:3   | Noticed a death yak
 12761 | Lair:3   | Killed a death yak
 12774 | Lair:3   | Killed a death yak
 12778 | Lair:3   | Killed a death yak
 13695 | Lair:4   | Found a viscous altar of Jiyva.
 13695 | Lair:4   | Found a staircase to the Slime Pits.
 13917 | Lair:4   | Gained mutation: You are partially covered in sharp spines.
                  | [demonic ancestry]
 13917 | Lair:4   | Reached XP level 13. HP: 84/93 MP: 17/20
 14269 | Lair:5   | Entered Level 5 of the Lair of Beasts
 14619 | Lair:5   | Noticed a dire elephant
 14619 | Lair:5   | Noticed a dire elephant
 14619 | Lair:5   | Noticed a dire elephant
 14620 | Lair:5   | Noticed a dire elephant
 15246 | Lair:5   | Gained mutation: You are frail. (-10% HP) [potion of
                  | mutation]
 15246 | Lair:5   | Gained mutation: Your body sometimes deteriorates upon
                  | taking damage. [potion of mutation]
 15246 | Lair:5   | Gained mutation: You have a pair of small horns on your
                  | head. [potion of mutation]
 15246 | Lair:5   | Gained mutation: You have supernaturally acute eyesight.
                  | (SInv) [potion of mutation]
 15247 | Lair:5   | Lost mutation: You have a pair of small horns on your head.
                  | [potion of mutation]
 15247 | Lair:5   | Lost mutation: You have supernaturally acute eyesight.
                  | (SInv) [potion of mutation]
 15247 | Lair:5   | Lost mutation: You are frail. (-10% HP) [potion of
                  | mutation]
 15247 | Lair:5   | Gained mutation: Your magical capacity is low. (-10% MP)
                  | [potion of mutation]
 15247 | Lair:5   | Gained mutation: You have hidden genetic potential. [potion
                  | of mutation]
 15248 | Lair:5   | Lost mutation: You have hidden genetic potential. [potion
                  | of mutation]
 15248 | Lair:5   | Lost mutation: Your magical capacity is low. (-10% MP)
                  | [potion of mutation]
 15248 | Lair:5   | Gained mutation: You have large cloven feet. [potion of
                  | mutation]
 15248 | Lair:5   | Gained mutation: You expend magic power (3 MP) to
                  | strengthen your wands. [potion of mutation]
 15269 | Lair:5   | Noticed a dire elephant
 15346 | Lair:5   | Killed a dire elephant
 15916 | Lair:5   | Killed a dire elephant
 15940 | Lair:5   | Killed a dire elephant
 15954 | Lair:5   | Killed a dire elephant
 15962 | Lair:5   | Killed a dire elephant
 16200 | Lair:5   | Noticed a dire elephant
 16233 | Lair:5   | Killed a dire elephant
 16234 | Lair:5   | Reached skill level 11 in Maces & Flails
 16305 | Lair:5   | Noticed a dire elephant
 16326 | Lair:5   | Killed a dire elephant
 17012 | Lair:5   | Identified the +0 robe "Amist" {Drain rElec Int+3}
 17013 | Lair:5   | Identified the staff of conjuration "Sulloont" {Str+3
                  | Dex+6}
 17404 | Orc:1    | Entered Level 1 of the Orcish Mines
 17423 | Orc:1    | Noticed an orc warlord
 17429 | Orc:1    | Gained mutation: Your hexes are more powerful. [demonic
                  | ancestry]
 17429 | Orc:1    | Reached XP level 14. HP: 77/100 MP: 24/24
 17447 | D:9      | Killed an orc warlord
 17594 | Orc:1    | Reached skill level 12 in Maces & Flails
 18105 | Orc:2    | Entered Level 2 of the Orcish Mines
 18320 | Orc:2    | Found a staircase to the Elven Halls.
 18465 | Orc:2    | Reached skill level 15 in Invocations
 18469 | Orc:2    | Noticed Saint Roka
 18507 | Orc:2    | Killed Saint Roka
 18508 | Orc:2    | Reached skill level 5 in Shields
 18693 | Orc:2    | Found Simiyt's Distillery.
 18693 | Orc:2    | Found Lidghot's Book Boutique.
 18694 | Orc:2    | Found Duemp's Armour Boutique.
 18694 | Orc:2    | Found Feafun's Antique Weapon Emporium.
 18701 | Orc:2    | Bought 2 potions of heal wounds for 160 gold pieces
 18701 | Orc:2    | Bought a potion of mutation for 128 gold pieces
 18701 | Orc:2    | Lost mutation: Your body sometimes deteriorates upon taking
                  | damage. [potion of mutation]
 18701 | Orc:2    | Lost mutation: You expend magic power (3 MP) to strengthen
                  | your wands. [potion of mutation]
 18701 | Orc:2    | Gained mutation: You are robust. (+10% HP) [potion of
                  | mutation]
 18711 | Orc:2    | Bought an ichor-stained great mace for 264 gold pieces
 18711 | Orc:2    | Identified the +4 great mace of Sutyeny {holy, rN+ Int-4
                  | SInv} (You bought it in a shop on level 2 of the Orcish
                  | Mines)
 19146 | D:10     | Found the +18 Lear's hauberk
 19211 | D:10     | Found a broken altar of Ashenzari.
 19273 | D:10     | Killed Sonja
 19692 | D:11     | You fall into a shaft and drop 3 floors!
 19872 | D:14     | Found a large runed translucent door.
 19872 | D:14     | Found a large runed translucent door.
 19873 | D:14     | Noticed Ricoe's ghost (journeyman FoFi)
 19935 | D:14     | Found a gate leading to a gauntlet.
 19944 | Gauntlet | Entered a Gauntlet
 19944 | Gauntlet | Noticed a reaper
 19944 | Gauntlet | Found a large runed translucent door.
 19944 | Gauntlet | Found a large runed translucent door.
 19944 | Gauntlet | Found a large runed translucent door.
 19944 | Gauntlet | Found a large runed translucent door.
 19944 | Gauntlet | Found a runed translucent door.
 19944 | Gauntlet | Found a large runed translucent door.
 19944 | Gauntlet | Found a large runed translucent door.
 19944 | Gauntlet | Found a transporter.
 19944 | Gauntlet | Found a transporter.
 19944 | Gauntlet | Found a large runed translucent door.
 19944 | Gauntlet | Found a large runed translucent door.
 19944 | Gauntlet | Found a runed translucent gate.
 19944 | Gauntlet | Found a runed translucent gate.
 19944 | Gauntlet | Found a transporter.
 19948 | Gauntlet | Found a transporter.
 19950 | Gauntlet | Found a transporter.
 19958 | Gauntlet | Found a transporter.
 19972 | Gauntlet | Found a transporter.
 19980 | Gauntlet | Found a transporter.
 19998 | Gauntlet | Found a transporter.
 20006 | Gauntlet | Found a transporter.
 20024 | Gauntlet | Found a transporter.
 20047 | Gauntlet | Found a runed translucent door.
 20048 | Gauntlet | Found a large runed translucent door.
 20048 | Gauntlet | Found a large runed translucent door.
 20048 | Gauntlet | Found a large runed translucent door.
 20048 | Gauntlet | Found a large runed translucent door.
 20049 | Gauntlet | Found a large runed translucent door.
 20049 | Gauntlet | Found a large runed translucent door.
 20050 | Gauntlet | Found a large runed translucent door.
 20050 | Gauntlet | Found a large runed translucent door.
 20059 | Gauntlet | Found a runed translucent gate.
 20075 | Gauntlet | Found a transporter.
 20173 | Gauntlet | Killed a reaper
 20399 | Gauntlet | Identified the +0 pair of boots of Purpose {rPois rC-
                  | Str+3}
 20462 | Gauntlet | Gained mutation: You have a tail ending in a sharp stinger.
                  | [demonic ancestry]
 20462 | Gauntlet | Reached XP level 15. HP: 94/115 MP: 27/27
 20516 | Gauntlet | Identified the staff of poison "Meorr" {rPois rF+}
 20598 | D:14     | Paralysed by an air elemental for 1 turns
 21619 | D:14     | Killed Ricoe's ghost
 21928 | D:13     | Noticed Lodul
 21948 | D:13     | Killed Lodul
 21955 | D:13     | Reached ****** piety under Makhleb
 22087 | D:13     | Identified the +1 ring mail of Shadows and Fog {Rampage}
 22088 | D:13     | Got the Secrets of the Gargoyle
 22565 | D:13     | Reached skill level 10 in Fighting
 22727 | D:13     | Found a gate to the Vaults.
 23346 | D:12     | Found a runed translucent gate.
 23346 | D:12     | Found a runed translucent gate.
 23346 | D:12     | Found a runed translucent gate.
 23424 | D:12     | Noticed Sifi's ghost (journeyman AtFi)
 23527 | D:12     | Reached skill level 13 in Maces & Flails
 24200 | D:11     | Found a portal to a secret trove of treasure.
 24208 | D:11     | You paid a toll of 6 scrolls of fog to enter a treasure
                  | trove
 24209 | Trove    | Entered a treasure trove
 24212 | Trove    | Found the amulet of the Four Winds {rN+ Will+++ Clar}
 24216 | Trove    | Identified the ring of the Hero {rF++ rC- Dex+2 SInv}
 24232 | Trove    | Identified the amulet "Xioth" {Faith Regen+ rCorr}
 24238 | Trove    | Identified the ring of Gogainerr {Wiz Will+ Str+5}
 24240 | Trove    | Identified the ring of Olarchueph {rF++ Int+6}
 24256 | Trove    | Identified the ring of the Hero {Fire Will- Str-5 Dex+10
                  | Stlth+}
 24893 | D:10     | Killed retardedninja's ghost
 25109 | Shoals:1 | Entered Level 1 of the Shoals
 25204 | Shoals:1 | Identified the +4 quarterstaff of Iconoclasm {speed, rElec
                  | rF- rC+ Stlth+}
 25520 | Shoals:1 | Reached XP level 16. HP: 134/134 MP: 27/29
 25595 | Shoals:1 | Reached skill level 14 in Maces & Flails
 25767 | Shoals:2 | Noticed Frances
 25790 | Shoals:2 | Killed Frances
 26200 | Shoals:2 | Noticed a kraken
 26226 | Shoals:2 | Reached skill level 5 in Spellcasting
 26230 | Shoals:2 | Killed a kraken
 26511 | Shoals:2 | Noticed Jorgrun
 26532 | Shoals:2 | Killed Jorgrun
 27858 | Shoals:4 | Entered Level 4 of the Shoals
 28110 | Shoals:4 | Noticed a sphinx
 28112 | Shoals:4 | Noticed a sphinx
 28126 | Shoals:4 | Killed a sphinx
 28130 | Shoals:4 | Killed a sphinx
 28153 | Shoals:4 | Got a barnacled rune of Zot
 28315 | Shoals:4 | Noticed a sphinx
 28331 | Shoals:4 | Killed a sphinx
 28332 | Shoals:4 | Gained mutation: You are mostly covered in sharp spines.
                  | [demonic ancestry]
 28332 | Shoals:4 | Reached XP level 17. HP: 140/140 MP: 30/30
 28424 | Shoals:4 | Identified the +4 dagger of the Omega Point {chaos, Int+2}
 28721 | Snake:1  | Entered Level 1 of the Snake Pit
 28855 | Snake:1  | Found Qacum's Jewellery Shoppe.
 28855 | Snake:1  | Found Muarcha's Book Boutique.
 28856 | Snake:1  | Found Nehodd's Jewellery Shoppe.
 28873 | Snake:1  | Found a transporter.
 28874 | Snake:1  | Found a transporter.
 29300 | Snake:1  | Found a transporter.
 29305 | Snake:1  | Found a transporter.
 29327 | Snake:1  | Found a transporter.
 29328 | Snake:1  | Found a transporter.
 29950 | Snake:2  | Noticed Vashnia
 29990 | Snake:2  | Killed Vashnia
 29991 | Snake:2  | Reached skill level 15 in Evocations
 31418 | Snake:3  | Noticed Mara
 31422 | Snake:3  | Noticed Newt's illusion
 31445 | Snake:3  | Noticed Kirke
 31709 | Snake:2  | Killed Kirke
 31942 | Snake:2  | Noticed Newt's illusion
 31949 | Snake:2  | Killed Mara
 32222 | Snake:3  | Noticed Aizul
 32245 | Snake:3  | Killed Aizul
 32623 | Snake:3  | Found Gogoy's Weapon Emporium.
 33304 | Snake:3  | Noticed Nikola
 33315 | Snake:4  | Entered Level 4 of the Snake Pit
 33768 | Snake:4  | Noticed Asterion
 33778 | Snake:4  | Killed Asterion
 34248 | Snake:4  | Reached XP level 18. HP: 142/159 MP: 26/31
 34867 | Snake:3  | Killed Nikola
 35253 | Snake:4  | Reached skill level 15 in Maces & Flails
 35563 | Snake:4  | Got a serpentine rune of Zot
 36340 | Elf:1    | Entered Level 1 of the Elven Halls
 36683 | Orc:2    | Reached skill level 16 in Maces & Flails
 38305 | Elf:1    | Reached skill level 17 in Maces & Flails
 38509 | Elf:2    | Identified the +10 great mace of the Hurling Pariah
                  | {protect, Will+ rCorr Int+4}
 38511 | Elf:2    | Identified the +0 buckler of Cocytus {Int+2 SInv}
 38521 | Elf:2    | Paralysed by an air elemental for 1 turns
 38666 | Elf:2    | Found Pamp's Assorted Antiques.
 38685 | Elf:2    | Bought a scroll of magic mapping for 285 gold pieces
 38810 | Elf:2    | Paralysed by an air elemental for 1 turns
 38823 | Elf:2    | Gained mutation: You have a sharp stinger which inflicts
                  | weakening toxins. [demonic ancestry]
 38823 | Elf:2    | Reached XP level 19. HP: 167/167 MP: 32/32
 39023 | Elf:2    | Found a runed translucent gate.
 39023 | Elf:2    | Found a runed translucent gate.
 39024 | Elf:2    | Found a runed translucent gate.
 39170 | Elf:2    | Reached skill level 18 in Maces & Flails
 39706 | Elf:2    | Bought a smoking scale mail for 342 gold pieces
 39706 | Elf:2    | Identified the +6 scale mail of the Beggar {rPois} (You
                  | bought it in a shop on level 2 of the Elven Halls)
 39723 | Elf:3    | Entered Level 3 of the Elven Halls
 39723 | Elf:3    | Found Gideiti's Jewellery Boutique.
 40948 | Elf:3    | Identified the +8 morningstar of Uncomfortable Rashes
                  | {venom, Int+4}
 40948 | Elf:3    | Identified the ring "Estiysoe" {Wiz Dex+3}
 41196 | Elf:3    | Got Sif Muna's Compendium of Shifting Profane Deeds
 41201 | Elf:3    | Got the Essays on Shaping and Sparks
 41269 | Elf:3    | Found the +3 pair of gauntlets of War {Slay+5}
 41287 | Elf:3    | Got Sif Muna's Discourse on Execration
 41303 | Elf:3    | Identified the +2 morningstar "Toamm" {speed, rElec rF+
                  | Dex-5 Stlth+}
 41329 | Elf:3    | Identified the +11 great sword of Gehenna {distort, *Noise
                  | rElec rPois rN+}
 41731 | Vaults:1 | Entered Level 1 of the Vaults
 41742 | Vaults:1 | Identified the +10 mace of Pov Muec {heavy, rElec rF+ MP+9
                  | Int-3}
 41791 | Vaults:1 | Reached skill level 15 in Armour
 42775 | Vaults:1 | Noticed Donald
 42783 | Vaults:1 | Killed Donald
 43673 | Vaults:2 | Found a staircase to the Crypt.
 43673 | Vaults:2 | Found an ancient bone altar of Kikubaaqudgha.
 43674 | Vaults:2 | Found a basalt altar of Yredelemnul.
 43714 | Vaults:2 | Reached XP level 20. HP: 174/174 MP: 34/34
 43725 | Vaults:2 | Reached skill level 5 in Dodging
 45089 | Vaults:2 | Found Weegoy's Antique Weapon Boutique.
 45286 | Vaults:3 | Reached skill level 10 in Dodging
 45314 | Vaults:3 | Noticed Bai Suzhen
 45363 | Vaults:3 | Killed Bai Suzhen
 45752 | Vaults:3 | Noticed Sojobo
 45773 | Vaults:3 | Killed Sojobo
 46328 | Vaults:3 | Reached skill level 10 in Shields
 47839 | Vaults:4 | Identified the +4 flail of Tuusoas {protect, +Blink rC-
                  | Will+++ Int+2}
 47884 | Vaults:4 | Reached XP level 21. HP: 181/181 MP: 35/35
 49109 | Vaults:5 | Entered Level 5 of the Vaults
 49118 | Vaults:4 | Reached skill level 19 in Maces & Flails
 49622 | Vaults:5 | Noticed an ancient lich
 49633 | Vaults:5 | Killed an ancient lich
 49667 | Vaults:5 | Reached skill level 20 in Maces & Flails
 49918 | Vaults:5 | Got a silver rune of Zot
 49953 | Vaults:5 | Learned a level 2 spell: Wereblood
 50335 | Vaults:5 | Gained mutation: You are completely covered in sharp
                  | spines. [demonic ancestry]
 50335 | Vaults:5 | Reached XP level 22. HP: 93/189 MP: 17/36
 50364 | Vaults:4 | Reached skill level 21 in Maces & Flails
 50909 | Vaults:5 | Identified the +4 long sword "Nageigy" {holy, rF+ Str+3
                  | SInv}
 50920 | Vaults:5 | Identified the +5 glaive "Onafrieheg" {flame, rElec Int+5}
 50924 | Vaults:5 | Identified the +9 plate armour "Epeupt" {Str-4 Int+5 Dex+2}
 51114 | Vaults:5 | Noticed a golden dragon
 51300 | Vaults:5 | Killed a golden dragon
 51916 | Vaults:5 | Identified the +12 plate armour of Hangman {Harm rElec
                  | Slay-4 SInv}
 51917 | Vaults:5 | Identified the +0 ring mail "Tutoist" {Will- Dex+5}
 51922 | Vaults:5 | Identified the +4 storm dragon scales of Hiuziapt {rElec
                  | rF+ SInv}
 51923 | Vaults:5 | Identified the +10 plate armour of the Blue Skies {Dex+2}
 51926 | Vaults:5 | Identified the staff of poison "Cuipnisy" {Drain Fly rPois
                  | rCorr}
 51927 | Vaults:5 | Identified the +0 scale mail of Eternal Vigilance {Dex+4}
 51931 | Vaults:5 | Got the Catalogue of Vexing Teratogeny
 51947 | Vaults:5 | Identified the +0 rapier of Discretion {pain, Dex+3}
 52120 | Vaults:5 | Reached skill level 1 in Transmutations
 52332 | Vaults:5 | Noticed a dread lich
 52343 | Vaults:5 | Killed a dread lich
 53003 | Slime:1  | Entered Level 1 of the Pits of Slime
 53284 | Slime:2  | Gained mutation: You are weak. (Str -2) [a shining eye]
 53738 | Slime:4  | Gained mutation: Your body sometimes deteriorates upon
                  | taking damage. [a shining eye]
 53740 | Slime:4  | Gained mutation: Your magical capacity is low. (-10% MP) [a
                  | shining eye]
 53803 | Slime:5  | Entered Level 5 of the Pits of Slime
 53806 | Slime:5  | Paralysed by a floating eye for 2 turns
 53812 | Slime:5  | Paralysed by a floating eye for 2 turns
 53817 | Slime:5  | Reached skill level 22 in Maces & Flails
 53817 | Slime:5  | Paralysed by a floating eye for 2 turns
 54071 | Slime:5  | Found a viscous altar of Jiyva.
 54072 | Slime:5  | Noticed the Royal Jelly
 55092 | Slime:5  | Paralysed by a floating eye for 4 turns
 55106 | Slime:5  | Paralysed by a floating eye for 3 turns
 55110 | Slime:5  | Blown up by an eye of devastation

Illustrated notes

Levels and vault maps discovered:
D:1:      wander_arrival_fairy_ring, layout_rooms, minmay_heptomino_l4
D:2:      layout_basic, chequers_serial_rivers_large_b, chequers_big_river,
          minivault_11, minmay_misc_feat_four_crosses
D:3:      layout_basic, demons_altar
D:4:      layout_cave_pools, lemuel_tele_altar, uniq_crazy_yiuf_cottage,
          uniq_pikel, uniq_grinder
D:5:      corexii_shantytown, layout_basic, grunt_ministairs_13,
          chequers_serial_rivers_micro_d, lexackson_kobold_supper
D:6:      layout_basic, minmay_temple_entry_antechambers
D:7:      layout_basic, corexii_leaking_fountain, kennysheep_diamond,
          nicolae_figureground_sparkle
D:8:      layout_cave_pods, mainiacjoe_overflow_swirl, david_lair_generic
D:9:      layout_loops_corners, vehumet_statue, david_orc_4, serial_shops,
          nicolae_shop_bloodbath_and_beyond, uniq_maggie, uniq_gastronok
D:10:     layout_roguey, mainiacjoe_overflow_small_starburst,
          gammafunk_ghost_arena, hellmonk_guarded_unrand_lears, uniq_sonja
D:11:     layout_grid_maze, nicolae_trove_entry_crossroad
D:12:     layout_small_grid, gammafunk_ghost_icy
D:13:     minmay_the_grid_net [minmay_the_grid_eight, minmay_the_grid_tree,
          minmay_the_grid_minigrid_small_alt, minmay_the_grid_expand,
          minmay_the_grid_outer_circle, minmay_the_grid_prize_shrinking_boxes],
          layout_basic, david_vaults_4, serial_glass, glass_columns_b,
          glass_columns_b, uniq_lodul
D:14:     layout_stronghold, portal_ice_cave_entry_pillars_1,
          gauntlet_entry_generic, ebering_ghost_disaster_area,
          dreamdust_looks_like_rain
Lair:1:   layout_roguey, serial_bayou_shore_b
Lair:2:   layout_hall_layers, elwin_shoals_entry_rooms,
          minmay_snake_entry_six_corridors, nzn_masters_of_martial_movement,
          uniq_nergalle
Lair:3:   layout_gridlike, lemuel_fruit_fields, grunt_megastairs_3
Lair:4:   layout_gridlike, minmay_slime_entry_oklob_open, minmay_holes
Lair:5:   due_jungle_book, layout_regular_city, chequers_serial_rivers_marsh,
          lemuel_fruit_tree
Shoals:1: layout_shoals
Shoals:2: nicolae_shoals_aurelia_aurita, layout_shoals,
          nicolae_shoals_arrival_archipelago, uniq_frances, uniq_jorgrun
Shoals:3: layout_shoals
Shoals:4: shoals_end_hellmonk_lost_city
Snake:1:  layout_misc_corridors, serial_nicolae_subway,
          nicolae_sub_station_crystal, nicolae_sub_station_stone,
          nicolae_sub_station_metal, minmay_shop_grove
Snake:2:  layout_chambers, uniq_vashnia
Snake:3:  nicolae_cobra_stairs, layout_misc_corridors, serial_shops,
          nicolae_shop_tiny_glass, uniq_aizul, uniq_nikola, uniq_kirke,
          uniq_mara
Snake:4:  hellmonk_snake_rune_quicksilver_temple, layout_cave_town,
          grunt_ministairs_9, uniq_asterion
Slime:1:  layout_caves, basic_altar
Slime:2:  layout_caves
Slime:3:  layout_caves
Slime:4:  layout_caves
Slime:5
Orc:1:    layout_caves
Orc:2:    st_orc_ogre_mass, layout_diamond_mine, uniq_saint_roka
Elf:1:    layout_loops_corners, kennysheep_underground_church
Elf:2:    nicolae_elf_blades_splatter_lattice [nooodl_blade_entry_preview],
          layout_geoelf_grid, minmay_shop_star, lemuel_upstairs_altar
Elf:3:    elf_hall_gauntlet_wide, layout_gridlike, serial_shops, shop
Vaults:1: vaults_dpeg_doors, nicolae_vaults_triangles, v_misc_27,
          vaults_dpeg_encased_lava, hangedman_vaults_cutoff,
          hangedman_vaults_nails, nicolae_vaults_asterisk,
          ontoclasm_vaults_loading_screen, dpeg_vaults_monster_box,
          nicolae_vaults_shelves_hall, layout_vaults_big_room, uniq_donald
Vaults:2: vaults_room_ringed_pool, minmay_crypt_entry_necro_gods,
          nicolae_vaults_puzzle_piece, grunt_vaults_twisty, v_misc_12,
          vaults_mumra_hexcomb, ontoclasm_vaults_gateway,
          ontoclasm_vaults_ring_small, grunt_vaults_funnel, v_misc_14,
          nicolae_vaults_angled_halls, nicolae_vaults_theta,
          layout_vaults_omnibox, serial_shops, shop
Vaults:3: vaults_dpeg_emergency_exit, v_misc_5, v_misc_14, v_misc_13,
          ontoclasm_vaults_loading_screen, nicolae_vaults_little_squares_3,
          nicolae_vaults_little_squares_6, nicolae_vaults_shelves_hall,
          ontoclasm_vaults_twist, st_more_cells, nicolae_vaults_angled_halls,
          vaults_room_grid, layout_vaults_omnigrid, uniq_sojobo, uniq_bai_suzhen
Vaults:4: v_rooms_3, vaults_room_octagon, dpeg_vaults_waves,
          hangedman_vaults_restitches, nicolae_vaults_what_the_h,
          hangedman_vaults_stitches, vaults_dpeg_ring, hangedman_vaults_slither,
          hangedman_vaults_stretched_pinwheel, ontoclasm_vaults_spin,
          vaults_dpeg_cross, vaults_room_door_ring, nicolae_vaults_little_ls,
          v_misc_15, grunt_vaults_bifocal, v_misc_13, layout_vaults_maze
Vaults:5

Skill      XL: |  1  2  3  4  5  6  7  8  9 10 11 12 13 14 15 16 17 18 19 20 21 22 |
---------------+-------------------------------------------------------------------+-----
Fighting       | 3 4 6 10 13 14 | 14.0
Spellcasting   | 1 2 8 |  8.8
Dodging        | 3 4 10 | 10.0
Shields        | 3 4 8 11 12 | 12.0
Armour         | 2 5 13 14 16 | 16.8
Evocations     | 1 5 7 10 13 15 | 15.0
Polearms       | 2 4 |  4.0
Invocations    | 5 8 10 14 16 18 20 | 20.0
Maces & Flails | 3 6 10 11 12 13 14 17 18 20 22 | 22.0
Transmutations | 3 |  3.3
Short Blades   | |  2.6
Throwing       | |  1.7

Action                     |  1- 3 |  4- 6 |  7- 9 | 10-12 | 13-15 | 16-18 | 19-21 | 22-24 || total
---------------------------+-------+-------+-------+-------+-------+-------+-------+-------++-------
  Melee: Rapier            |    59 |       |       |       |       |       |       |       ||    59
         Dagger            |    78 |   214 |   247 |       |       |       |       |       ||   539
         Spear             |       |       |   216 |       |       |       |       |       ||   216
         Tailslap          |       |       |    66 |   119 |   315 |   286 |   357 |   126 ||  1269
         Whip              |       |       |    54 |   712 |  1427 |  1419 |       |       ||  3612
         Kick              |       |       |       |       |   356 |   609 |   178 |       ||  1143
         Demon whip        |       |       |       |       |       |   103 |  1437 |   450 ||  1990
  Throw: Dart              |       |     6 |     3 |     4 |     9 |       |       |       ||    22
         Throwing net      |       |     3 |     3 |     4 |     1 |       |     1 |     1 ||    13
         Javelin           |       |     1 |       |       |       |       |       |       ||     1
 Invoke: Lesser Servant of |       |       |       |     6 |     4 |       |       |       ||    10
         Major Destruction |       |       |       |     4 |    12 |     8 |     1 |     1 ||    26
         Greater Servant o |       |       |       |       |     4 |    16 |    18 |     7 ||    45
  Evoke: Lightning rod     |       |       |       |       |     8 |     3 |     1 |       ||    12
         Wand              |       |       |       |       |     1 |     2 |     6 |       ||     9
         Box of beasts     |       |       |       |       |       |     2 |     1 |     1 ||     4
         Phantom mirror    |       |       |       |       |       |     2 |       |     1 ||     3
         Phial of floods   |       |       |       |       |       |     2 |     2 |     1 ||     5
         Condenser vane    |       |       |       |       |       |       |     2 |       ||     2
    Use: Scroll            |     7 |     2 |     9 |     4 |     4 |    11 |     4 |     5 ||    46
         Potion            |       |     3 |     2 |     2 |     9 |     4 |     5 |     2 ||    27
   Stab: Held in net/web   |       |     1 |       |       |     2 |       |       |       ||     3
         Distracted        |       |       |     1 |     2 |     2 |     5 |     5 |     3 ||    18
         Sleeping          |       |       |       |     4 |     1 |       |       |       ||     5
         Invisible         |       |       |       |       |     1 |       |       |       ||     1
         Petrified         |       |       |       |       |     3 |       |       |       ||     3
         Petrifying        |       |       |       |       |     2 |       |       |       ||     2
         Confused          |       |       |       |       |       |     1 |     4 |       ||     5
 Armour: Leather armour    |    44 |    49 |    78 |   218 |   160 |       |       |       ||   549
         Skin              |       |     5 |       |       |       |       |       |       ||     5
         Robe              |       |       |    67 |       |       |       |       |       ||    67
         Chain mail        |       |       |       |       |   388 |   710 |   129 |       ||  1227
         Troll leather arm |       |       |       |       |    26 |       |       |       ||    26
         Scale mail        |       |       |       |       |       |       |   213 |       ||   213
         Storm dragon scal |       |       |       |       |       |       |   245 |    45 ||   290
         Gold dragon scale |       |       |       |       |       |       |       |   158 ||   158
  Dodge: Dodged            |    76 |    82 |   252 |   321 |   404 |   342 |   348 |    72 ||  1897
  Block: Buckler           |    19 |    19 |    91 |   146 |   314 |   207 |       |       ||   796
         Tower shield      |       |       |       |       |       |   730 |  1322 |   372 ||  2424
         Reflection        |       |       |       |       |       |   137 |   101 |     9 ||   247

Table legend: (Time is in decaauts)
 A = Elapsed time spent in this place.
 B = Non-inter-level travel time spent in this place.
 C = Inter-level travel time spent in this place.
 D = Time resting spent in this place.
 E = Time spent auto-exploring this place.
 F = Levels seen in this place.
 G = Mean time per level.
                   A        B        C        D        E       F      G
               +--------+--------+--------+--------+--------+-----+--------+
         Total |  53740 |  50714 |   3026 |   9745 |  30409 |  44 | 1221.4 |
       Dungeon |  15360 |  14021 |   1339 |   1196 |   9698 |  14 | 1097.1 |
          Lair |   7653 |   7240 |    413 |   1498 |   4567 |   5 | 1530.6 |
        Shoals |   3537 |   3352 |    185 |    253 |   2391 |   4 |  884.2 |
     Snake Pit |   7273 |   6978 |    295 |   1973 |   3472 |   4 | 1818.2 |
    Slime Pits |   2042 |   2029 |     13 |   1128 |    391 |   5 |  408.4 |
  Orcish Mines |   1879 |   1699 |    180 |    612 |    813 |   2 |  939.5 |
   Elven Halls |   4605 |   4338 |    267 |    218 |   3275 |   3 | 1535.0 |
        Vaults |  10734 |  10403 |    331 |   2735 |   5499 |   5 | 2146.8 |
         Trove |     84 |     84 |      0 |      0 |     19 |   1 |   84.0 |
      Gauntlet |    569 |    569 |      0 |    131 |    283 |   1 |  569.0 |
               +--------+--------+--------+--------+--------+-----+--------+

Top non-repeatable levels by time:
  Lair:5: 2837 daAuts
Vaults:5: 2702 daAuts
Vaults:4: 2576 daAuts
 Snake:4: 2422 daAuts
 Snake:2: 2392 daAuts
     D:9: 2040 daAuts
Vaults:3: 1994 daAuts
Vaults:1: 1925 daAuts
  Lair:2: 1703 daAuts
   Elf:3: 1677 daAuts
     D:5: 1599 daAuts
Vaults:2: 1534 daAuts
 Snake:3: 1532 daAuts
   Elf:1: 1499 daAuts
    D:13: 1439 daAuts
